 Dungeon Crawl Stone Soup version 0.32-a0-837-g8d3e27d251 (webtiles) character file.

Game seed: 13359690701411029003

95 Essalna the Firebug (level 4, -2/33 HPs)
             Began as a Demonspawn Fire Elementalist on Mar 26, 2024.
             Slain by a gnoll
             ... wielding a +0 flail
              (6 damage)
             ... on level 3 of the Dungeon.
             The game lasted 00:03:59 (2942 turns).

Essalna the Firebug (Demonspawn Fire Elementalist)  Turns: 2942, Time: 00:03:59

Health: -2/33      AC:  5    Str:  8    XL:     4   Next: 40%
Magic:  2/8        EV: 11    Int: 17    God:
Gold:   107        SH:  0    Dex: 14    Spells: 5/8 levels left

rFire   . . .        (no weapon)
rCold   . . .        (no shield)
rNeg    . . .        a - +0 robe
rPois   .            i - +0 helmet
rElec   .            (no cloak)
rCorr   .            (no gloves)
SInv    .            (no boots)
Will    .....        (no amulet)
Stlth   ++           (no ring)
HPRegen 0.25/turn    (no ring)
MPRegen 0.11/turn

%: no passive effects
@: no status effects
A: slimy green scales 1, demonic guardian 1, weakness stinger 1
a: no special abilities


You were on level 3 of the Dungeon.
You visited 1 branch of the dungeon, and saw 3 of its levels.

You collected 107 gold pieces.

Inventory:

Armour
 a - a +0 robe (worn)
 i - a +0 helmet (worn)
Scrolls
 e - a scroll of summoning {unknown}
 f - a scroll of enchant armour {unknown}
 k - a scroll of amnesia {unknown}
 l - a scroll of identify {unknown}
 m - a scroll of enchant weapon {unknown}
 p - a scroll of revelation {unknown}
 q - a scroll of poison {unknown}
Potions
 b - a potion of magic
 c - 2 potions of haste {unknown}
 d - a potion of invisibility {unknown}
 g - a potion of berserk rage {unknown}
 h - a potion of curing {unknown}
 j - 2 potions of heal wounds {unknown}
 n - a potion of lignification {unknown}
 o - 2 potions of ambrosia {unknown}


   Skills:
 + Level 1.8 Fighting
 - Level 1.7 Dodging
 - Level 1.7 Stealth
 + Level 2.7 Spellcasting
 + Level 2.1 Conjurations
 + Level 3.3 Fire Magic


You had 5 spell levels left.
You knew the following spells:

 Your Spells              Type           Power      Damage    Failure   Level
a - Foxfire               Conj/Fire      44%        2x1d6     6%          1
b - Scorch                Fire           26%        2d6       7%          2

Your spell library contained the following spells:

 Spells                   Type           Power      Damage    Failure   Level
 Inner Flame              Hex/Fire       8%         N/A       26%         3
 Volatile Blastmotes      Fire/Tloc      16%        2d11      26%         3
 Flame Wave               Conj/Fire      11%        2d6       50%         4
 Fulminant Prism          Conj/Alch      3%         3d5       75%         4
 Iskenderun's Mystic Bla  Conj/Tloc      6%         2d4       75%         4


Dungeon Overview and Level Annotations

Branches:
Dungeon (3/15)

Altars:

Shops:
D:1 :


Innate Abilities, Weirdness & Mutations

You are partially covered in slimy green scales. (AC +2)
A weak demonic guardian rushes to your aid.
You have a small tail.


Message History

The gnoll hits you from afar with a +0 spear.
A demonic guardian appears!
The gnoll barely misses you. x2
The gnoll hits you from afar with a +0 spear.
Your shadow imp hits the gnoll.
The gnoll closely misses you. x2; The gnoll hits you with a +0 flail.
Your shadow imp hits the gnoll.
The gnoll hits you with a +0 flail. The gnoll closely misses you. x2
Your shadow imp barely misses the gnoll.
The gnoll closely misses you. x2; Your shadow imp hits the gnoll.
The gnoll hits you with a +0 flail.
The gnoll completely misses your shadow imp.
The gnoll barely misses you.
Your shadow imp barely misses the gnoll.
Your magical contamination has completely faded away.
The gnoll barely misses you. x2
Your shadow imp hits the gnoll but does no damage.
The gnoll completely misses you.
The gnoll hits your shadow imp with a +0 spear.
The gnoll hits you with a +0 flail.
* * * LOW HITPOINT WARNING * * *
Your shadow imp hits the gnoll.
The gnoll dies!
The gnoll closely misses you.
The gnoll hits you from afar with a +0 spear.
* * * LOW HITPOINT WARNING * * *
Your shadow imp gestures at the gnoll.
The gnoll barely resists.
The gnoll hits your shadow imp but does no damage.
The gnoll hits you but does no damage. The gnoll barely misses you.
The gnoll hits your shadow imp with a +0 spear.
Your shadow imp hits the gnoll.
The gnoll dies!
The gnoll closely misses you. The gnoll hits you with a +0 flail.
* * * LOW HITPOINT WARNING * * *
A demonic guardian appears!
Your shadow imp hits the gnoll.
The gnoll hits you with a +0 flail.
You die...

#.#....# ..... ##.#
#.#.##.# ... #.#
#.#.##.# #'# #.#
#......# #.# #.#
###.#### ######.#### #.#
#.# #.........# #.# #.#
#.###)..#.##### ##.##
#ยง##..)5.......
#...######.###.@g#.#####
#........>...5.....#
#...################
#####


You could see a gnoll (ally target), a friendly quasit (summoned) and a friendly
shadow imp (summoned).

Vanquished Creatures
  A gnoll (D:3)
  2 adders
  A dart slug (D:1)
  6 bats
  4 endoplasms
  2 giant cockroaches
  7 goblins
  A hobgoblin (D:2)
  3 jackals (D:1)
  4 kobolds
  A quokka (D:1)
  3 ball pythons
  4 frilled lizards
  5 rats
44 creatures vanquished.

Vanquished Creatures (collateral kills)
  2 gnolls (D:3)
2 creatures vanquished.

Vanquished Creatures (others)
  173 foxfires
173 creatures vanquished.

Grand Total: 219 creatures vanquished

Notes
Turn   | Place    | Note
-------+----------+-------------------------------------------
     0 | D:1      | Essalna the Demonspawn Fire Elementalist began the quest
                  | for the Orb.
     0 | D:1      | Reached XP level 1. HP: 13/13 MP: 3/3
   259 | D:1      | Found Uvus's Book Emporium.
   273 | D:1      | Gained mutation: You are partially covered in slimy green
                  | scales. (AC +2) [demonic ancestry]
   273 | D:1      | Reached XP level 2. HP: 20/20 MP: 0/5
   901 | D:1      | Reached skill level 1 in Fighting
   944 | D:1      | Reached skill level 3 in Fire Magic
  1347 | D:2      | Gained mutation: A weak demonic guardian rushes to your
                  | aid. [demonic ancestry]
  1347 | D:2      | Reached XP level 3. HP: 26/26 MP: 2/6
  2862 | D:3      | Learned a level 2 spell: Scorch
  2926 | D:3      | Gained mutation: You have a small tail. [demonic ancestry]
  2926 | D:3      | Reached XP level 4. HP: 33/33 MP: 3/7
  2942 | D:3      | Slain by a gnoll

Illustrated notes

Levels and vault maps discovered:
D:1:      heliophobic_arrival_battle_scene, layout_loops_cross, serial_shops,
          shop
D:2:      minmay_alternating_diamond, layout_basic
D:3:      layout_loops_corners, hellmonk_no_cap, uniq_ijyb

Skill      XL: |  1  2  3 |
---------------+----------+-----
Fighting       | 1 |  1.8
Fire Magic     | 3 |  3.3
Conjurations   | 2 |  2.1
Dodging        | |  1.7
Stealth        | |  1.7
Spellcasting   | |  2.7

Action                     |  1- 3 |  4- 6 || total
---------------------------+-------+-------++-------
  Melee: Unarmed           |    35 |       ||    35
   Cast: Foxfire           |   104 |     2 ||   106
    Use: Scroll            |     1 |       ||     1
   Stab: Sleeping          |     1 |       ||     1
 Armour: Robe              |    41 |    15 ||    56
  Dodge: Dodged            |    48 |    16 ||    64

Table legend: (Time is in decaauts)
 A = Elapsed time spent in this place.
 B = Non-inter-level travel time spent in this place.
 C = Inter-level travel time spent in this place.
 D = Time resting spent in this place.
 E = Time spent auto-exploring this place.
 F = Levels seen in this place.
 G = Mean time per level.
                   A        B        C        D        E       F      G
               +--------+--------+--------+--------+--------+-----+--------+
         Total |   2941 |   2860 |     81 |      0 |   2496 |   3 |  980.3 |
       Dungeon |   2941 |   2860 |     81 |      0 |   2496 |   3 |  980.3 |
               +--------+--------+--------+--------+--------+-----+--------+

Top non-repeatable levels by time:
     D:2: 1325 daAuts
     D:1: 1147 daAuts
     D:3: 468 daAuts
